[ AOE2 MATCH · #505594310 ]
UnrankedPersians vs Wu
Player's team · LOSS
Rival team · WIN
[ REPLAY ANALYSIS · EXTRACTED FROM THE RECORDED GAME ]
Feudal
—
Castle
—
Imperial
—
| APM avg | 65.8 |
| APM peak | 93 |
| eAPM avg | 21.4 |
| Villagers / military | 37 / 1 |
Focus
⚔️ 27.8% · 🌾 72.2%
Transport Ship ×1
Feudal
13:13
Castle
—
Imperial
—
| APM avg | 53.4 |
| APM peak | 107 |
| eAPM avg | 22.3 |
| Villagers / military | 29 / 0 |
Focus
⚔️ 31.6% · 🌾 68.4%
Fishing Ship ×11 · Unknown (2626) ×1
Match map
Initial resources + every placement click. Lines = walls · curves = elevation contours. ◆ gold · ⬟ stone · ● berries · ✦ relic · ◌ wall gap
Your base· ✓ Map-separated
VL Guardian Azul's base· ✓ Map-separated
Smoothed initial terrain · ◌ = detected wall gap · hover for details
Inputs per minute
— FC_M@sTer - - VL Guardian Azul
Build order — FC_M@sTer
52 actions detected in the replay
| 0:00 | Queue | Villager (Male) |
| 0:00 | Queue | Villager (Male) |
| 0:01 | Queue | Villager (Male) |
| 0:01 | Queue | Villager (Male) |
| 0:02 | Build | House |
| 0:04 | Queue | Villager (Male) |
| 0:05 | Build | House |
| 1:21 | Queue | Villager (Male) |
| 1:22 | Queue | Villager (Male) |
| 1:41 | Build | Dock |
| 1:58 | Queue | Villager (Male) |
| 1:58 | Queue | Villager (Male) |
| 2:25 | Queue | Villager (Male) |
| 2:25 | Queue | Villager (Male) |
| 2:30 | Build | House |
| 3:00 | Queue | Villager (Male) |
| 3:00 | Queue | Villager (Male) |
| 3:01 | Queue | Villager (Male) |
| 3:25 | Queue | Villager (Male) |
| 3:26 | Queue | Villager (Male) |
| 3:45 | Queue | Transport Ship |
| 3:46 | Queue | Villager (Male) |
| 3:47 | Queue | Villager (Male) |
| 3:57 | Queue | Villager (Male) |
| 4:38 | Queue | Villager (Male) |
| 4:38 | Queue | Villager (Male) |
| 4:45 | Queue | Villager (Male) |
| 4:45 | Queue | Villager (Male) |
| 4:56 | Build | Lumber Camp |
| 5:19 | Queue | Villager (Male) |
| 5:19 | Queue | Villager (Male) |
| 5:19 | Queue | Villager (Male) |
| 5:58 | Queue | Villager (Male) |
| 5:58 | Queue | Villager (Male) |
| 6:02 | Build | House |
| 6:16 | Research | Loom |
| 6:24 | Queue | Villager (Male) |
| 6:24 | Queue | Villager (Male) |
| 6:24 | Queue | Villager (Male) |
| 6:24 | Queue | Villager (Male) |
| 7:09 | Queue | Villager (Male) |
| 7:10 | Queue | Villager (Male) |
| 7:41 | Queue | Villager (Male) |
| 7:42 | Queue | Villager (Male) |
| 7:59 | Build | House |
| 8:11 | Queue | Villager (Male) |
| 8:19 | Build | Mill |
| 9:22 | Build | Town Center |
| 9:28 | Build | Palisade Wall |
| 12:03 | Build | Palisade Wall |
| 12:03 | Build | Palisade Wall |
| 13:57 | Build | Town Center |
Build order — VL Guardian Azul
65 actions detected in the replay
| 0:01 | Queue | Villager (Male) |
| 0:01 | Queue | Villager (Male) |
| 0:02 | Build | House |
| 0:03 | Build | House |
| 0:22 | Queue | Villager (Male) |
| 0:22 | Queue | Villager (Male) |
| 1:00 | Build | Lumber Camp |
| 1:10 | Queue | Villager (Male) |
| 1:10 | Queue | Villager (Male) |
| 1:52 | Queue | Villager (Male) |
| 2:12 | Queue | Villager (Male) |
| 2:44 | Queue | Villager (Male) |
| 2:59 | Build | House |
| 3:30 | Build | Dock |
| 3:36 | Queue | Villager (Male) |
| 3:51 | Queue | Villager (Male) |
| 4:16 | Queue | Villager (Male) |
| 4:17 | Queue | Villager (Male) |
| 4:17 | Queue | Villager (Male) |
| 4:31 | Queue | Fishing Ship |
| 4:43 | Queue | Villager (Male) |
| 5:06 | Queue | Fishing Ship |
| 5:07 | Build | House |
| 5:16 | Queue | Villager (Male) |
| 5:34 | Queue | Fishing Ship |
| 5:42 | Queue | Villager (Male) |
| 5:53 | Queue | Villager (Male) |
| 5:53 | Queue | Villager (Male) |
| 5:55 | Queue | Fishing Ship |
| 6:12 | Queue | Villager (Male) |
| 6:36 | Build | Lumber Camp |
| 6:41 | Queue | Villager (Male) |
| 6:50 | Queue | Fishing Ship |
| 6:56 | Build | House |
| 7:12 | Queue | Villager (Male) |
| 7:32 | Queue | Villager (Male) |
| 7:38 | Build | Dock |
| 7:40 | Queue | Villager (Male) |
| 7:43 | Queue | Fishing Ship |
| 8:00 | Build | House |
| 8:03 | Queue | Villager (Male) |
| 8:18 | Build | House |
| 8:24 | Queue | Villager (Male) |
| 8:28 | Queue | Fishing Ship |
| 8:31 | Queue | Fishing Ship |
| 8:44 | Build | Dock |
| 8:59 | Queue | Villager (Male) |
| 9:10 | Research | Loom |
| 9:18 | Build | House |
| 10:14 | Build | House |
| 10:29 | Build | Mill |
| 10:47 | Build | Mining Camp |
| 10:49 | Queue | Fishing Ship |
| 10:51 | Queue | Fishing Ship |
| 11:03 | Research | Feudal Age |
| 12:13 | Build | House |
| 12:37 | Build | Palisade Wall |
| 13:08 | Queue | Fishing Ship |
| 13:13 | Age | Feudal Age |
| 13:16 | Queue | Unit 2626 |
| 13:21 | Build | Market |
| 13:52 | Research | Double-Bit Axe |
| 13:53 | Queue | Villager (Male) |
| 14:10 | Build | Blacksmith |
| 14:32 | Queue | Villager (Male) |
Match timeline
| 1:41 | FC_M@sTer · first_building Dock |
| 3:30 | VL Guardian Azul · first_building Dock |
| 9:28 | FC_M@sTer · wall_segment Palisade Wall x1 |
| 12:03 | FC_M@sTer · wall_segment Palisade Wall x1 |
| 12:03 | FC_M@sTer · wall_segment Palisade Wall x1 |
| 12:37 | VL Guardian Azul · wall_segment Palisade Wall x1 |
| 13:13 | VL Guardian Azul · age_up feudal |
| 14:36 | FC_M@sTer · resign |
[ AI ANALYSIS · 1 CREDIT ]
What really happened in this match?
Wolo.gg analyzes every decision: build order, eco, micro, common mistakes by bracket. Personalized analysis on WhatsApp or Discord in 30 seconds.
Civ guide
Persians
Perfil
Jugador #9750433